 Dungeon Crawl Stone Soup version 0.21.1-1-g345015fe64 (webtiles) character file.

139 Dargar the Insei (level 5, -5/46 HPs)
             Began as a Draconian Monk on Apr 8, 2018.
             Slain by a wyvern zombie (10 damage)
             ... on level 3 of the Dungeon.
             The game lasted 00:05:33 (2255 turns).

Dargar the Insei (Draconian Monk)                   Turns: 2255, Time: 00:05:33

Health: -5/46      AC:  5    Str: 14    XL:     5   Next: 1%
Magic:  5/5        EV: 13    Int: 10    God:
Gold:   172        SH:  0    Dex: 14    Spells: 4/4 levels left

rFire    . . .     SeeInvis .     - Unarmed
rCold    . . .     Gourm    .   (no shield)
rNeg     . . .     Faith    .   (armour unavailable)
rPois    .         Spirit   .   (helmet restricted)
rElec    .         Reflect  .   (no cloak)
rCorr    .         Harm     .   (no gloves)
MR       .....                  (no boots)
Stlth    ++........             (no amulet)
HPRegen  0.15/turn              (no ring)
MPRegen  0.09/turn              (no ring)

@: no status effects
A: unfitting armour, cold-blooded, AC +5
a: no special abilities


You were on level 3 of the Dungeon.
You were not hungry.

You visited 1 branch of the dungeon, and saw 3 of its levels.

You collected 172 gold pieces.

Inventory:

Missiles
 d - 15 poisoned needles
Scrolls
 b - a scroll of amnesia
 l - a scroll of teleportation
Potions
 c - a potion of brilliance
 e - a potion of agility
 f - a potion of haste
 g - a potion of lignification
 h - a potion of curing
 i - a potion of heal wounds {unknown}
 k - a potion of ambrosia {unknown}
 m - a potion of mutation {unknown}
Comestibles
 a - 6 rations
 j - a chunk of flesh


   Skills:
 + Level 3.8 Fighting
 + Level 3.5 Dodging
 + Level 2.7 Stealth
 + Level 4.3 Unarmed Combat


You had 4 spell levels left.
You didn't know any spells.

Dungeon Overview and Level Annotations

Branches:
Dungeon (3/15)

Altars:
Cheibriados
Elyvilon
Okawaru
Sif Muna
Vehumet
Xom
Yredelemnul


Innate Abilities, Weirdness & Mutations

Your plain brown scales are hard. (AC +5)
You cannot fit into any form of body armour.
You are cold-blooded and may be slowed by cold attacks.


Message History

You hit the wyvern zombie but do no damage.
You tail-slap the wyvern zombie, but do no damage.
The wyvern zombie is moderately damaged.
The wyvern zombie closely misses you.
You barely miss the wyvern zombie. You tail-slap the wyvern zombie.
The wyvern zombie is moderately damaged.
You hear the brisk rusting of a distant drain.
The wyvern zombie bites you.
You punch the wyvern zombie!
The wyvern zombie is heavily damaged.
The wyvern zombie bites you! x2
* * * LOW HITPOINT WARNING * * *
You barely miss the wyvern zombie.
The wyvern zombie is heavily damaged.
The wyvern zombie bites you.
* * * LOW HITPOINT WARNING * * *
You punch the wyvern zombie!
The wyvern zombie is severely damaged.
The wyvern zombie bites you!
You die...

.._.... .).......
#........ #........
##+#+##.......(
#........# #.# ##
#........# #.# #.
#.....Z..# #.# #.
#.....@..####.########.
+......................
#.........###.####.###.
##+######.# #..........
#.# #.......##. #..
+.......##.
#####.........<
######.###. ...# #.


You could see a wyvern zombie.

Vanquished Creatures
  An orc wizard (D:2)
  4 gnolls (D:2)
  3 adders
  A dart slug (D:1)
  A leopard gecko (D:1)
  2 orcs (D:2)
  7 bats
  3 giant cockroaches
  5 goblins
  4 hobgoblins
  A quokka (D:3)
  3 frilled lizards
  2 kobolds
  6 rats
43 creatures vanquished.

Notes
Turn   | Place    | Note
-------+----------+-------------------------------------------
     0 | D:1      | Dargar the Draconian Monk began the quest for the Orb.
     0 | D:1      | Reached XP level 1. HP: 19/19 MP: 1/1
   254 | D:1      | Reached XP level 2. HP: 24/26 MP: 2/2
   370 | D:1      | Found a shimmering altar of Xom.
   748 | D:2      | Found an iron altar of Okawaru.
   748 | D:2      | Found a white marble altar of Elyvilon.
   751 | D:2      | Found a radiant altar of Vehumet.
   752 | D:2      | Found a deep blue altar of Sif Muna.
   753 | D:2      | Found a basalt altar of Yredelemnul.
   878 | D:2      | Reached XP level 3. HP: 27/31 MP: 3/3
  1394 | D:2      | Reached XP level 4. HP: 24/40 MP: 4/4
  1716 | D:2      | Reached skill level 4 in Unarmed Combat
  1913 | D:3      | Found a snail-covered altar of Cheibriados.
  2166 | D:3      | Reached XP level 5. HP: 43/46 MP: 5/5
  2242 | D:3      | Found a shimmering altar of Xom.
  2255 | D:3      | Slain by a wyvern zombie

Skill      XL: |  1  2  3  4 |
---------------+-------------+-----
Dodging        | 3 |  3.5
Stealth        | 2 |  2.7
Unarmed Combat | 4 |  4.3
Fighting       | |  3.8

Action                   |  1- 3 |  4- 6 || total
-------------------------+-------+-------++-------
Melee: Unarmed           |   123 |    65 ||   188
       Tailslap          |     9 |     8 ||    17
       Punch             |       |     2 ||     2
  Use: Scroll            |       |     9 ||     9
 Stab: Sleeping          |     6 |     2 ||     8
  Eat: Chunk             |     1 |     3 ||     4
Armor: Skin              |    60 |    14 ||    74
Dodge: Dodged            |   112 |    39 ||   151
